 Dungeon Crawl Stone Soup version 0.23-a0-46-g8441a8a (webtiles) character file.

56 BigChef the Ruffian (level 3, 0/26 HPs)
             Began as a Demonspawn Chaos Knight on Aug 5, 2018.
             Succumbed to an adder's poison
             ... on level 2 of the Dungeon.
             The game lasted 00:04:40 (1814 turns).

BigChef the Ruffian (Demonspawn Chaos Knight)       Turns: 1814, Time: 00:04:41

Health: 0/26       AC:  6    Str: 10 (13) XL:     3   Next: 69%
Magic:  3/3        EV:  8    Int: 10 (11) God:    Xom [*.....]
Gold:   55         SH:  0    Dex:  9 (10) Spells: 2/2 levels left

rFire    . . .     SeeInvis +     - Unarmed
rCold    + . .     Gourm    .   (no shield)
rNeg     . . .     Faith    .   o - +0 scale mail
rPois    .         Spirit   .   (helmet restricted)
rElec    .         Reflect  .   (no cloak)
rCorr    .         Harm     .   (no gloves)
MR       .....     Rnd*Tele +   (no boots)
Stlth    ..........             (no amulet)
HPRegen  0.08/turn              e - ring of see invisible
MPRegen  0.08/turn              f - ring of teleportation

@: lethally poisoned (0 -> -6)
A: antennae 1, clumsy 1, cold resistance 1, dopey 1, frail 1
a: Renounce Religion


You were on level 2 of the Dungeon.
You worshipped Xom.
You were a special plaything of Xom.
You were not hungry.

You visited 1 branch of the dungeon, and saw 2 of its levels.

You collected 55 gold pieces.

Inventory:

Armour
 a - a +2 leather armour
 o - a +0 scale mail (worn)
Jewellery
 e - a ring of see invisible (left hand)
 f - a ring of teleportation (right hand)
 h - a +1 ring of evasion {unknown}
 n - an uncursed ring of protection from cold {unknown}
Scrolls
 d - a scroll of amnesia
 j - a scroll of teleportation
Potions
 c - 2 potions of might
Comestibles
 b - a ration


   Skills:
 + Level 3.3 Fighting
 + Level 2.2 Armour
 + Level 1.3 Dodging
 + Level 0.3 Stealth
 + Level 3.5 Unarmed Combat


You had 2 spell levels left.
You didn't know any spells.
Your spell library was empty.

Dungeon Overview and Level Annotations

Branches:
Dungeon (2/15)

Altars:
Okawaru


Innate Abilities, Weirdness & Mutations

You have a pair of small antennae on your head.
Your flesh is cold resistant. (rC+)
You are clumsy. (Dex -2)
You are dopey. (Int -2)
You are frail. (-10% HP)


Message History

The hobgoblin hits you but does no damage.
You hit the hobgoblin.
You kill the hobgoblin!
The adder barely misses you. The hobgoblin hits you.
* * * LOW HITPOINT WARNING * * *
The adder bites you.
* * * LOW HITPOINT WARNING * * *
* * * LOW HITPOINT WARNING * * *
You feel sick.
Things that are here:
a club; a hobgoblin corpse
There is a lethal amount of poison in your body!
There is a lethal amount of poison in your body!
You hit the adder.
The adder is severely wounded.
The adder bites you but does no damage.
You hit the adder.
The adder is severely wounded.
You die...
Xom giggles madly!

....# ###...# . .....#
..##....# ........# #
..#...#.##.# ###
.......g...# ..#
####..#S#### #.# #.##@# #.#
#.##.# #.# #....# #.#
#.#######.# #.# #.........#
#.# #...####### #.#
##.....##.#.############
#.# 8.....8#..............#
#.#
#.....##......#######.###.#


You could see an adder and a hobgoblin.

Vanquished Creatures
  An adder (D:2)
  An ooze (D:1)
  A worm (D:2)
  A dart slug (D:2)
  2 bats (D:1)
  A giant cockroach (D:2)
  2 goblins
  6 hobgoblins
  10 jackals
  2 kobolds (D:1)
  A ball python (D:1)
  3 frilled lizards
  2 rats (D:1)
33 creatures vanquished.

Notes
Turn   | Place    | Note
-------+----------+-------------------------------------------
     0 | D:1      | BigChef the Demonspawn Chaos Knight began the quest for the Orb.
     0 | D:1      | Reached XP level 1. HP: 18/18 MP: 1/1
   301 | D:1      | Reached skill level 1 in Dodging
   358 | D:1      | XOM: harmless Conj miscast
   391 | D:1      | Gained mutation: You have a pair of small antennae on your head. [demonic ancestry]
   391 | D:1      | Reached XP level 2. HP: 20/24 MP: 2/2
   402 | D:1      | XOM: cast spell 'Summon Butterflies'
   472 | D:1      | XOM: cloud trail
   550 | D:1      | XOM: silly message
   772 | D:1      | XOM is BORED!
   772 | D:1      | XOM: harmless Air miscast
   944 | D:2      | Gained mutation: Your flesh is cold resistant. (rC+) [demonic ancestry]
   944 | D:2      | Reached XP level 3. HP: 29/29 MP: 3/3
  1260 | D:2      | Found an iron altar of Okawaru.
  1335 | D:2      | XOM: 1-stop teleportation journey
  1509 | D:2      | XOM: give mutations
  1509 | D:2      | Gained mutation: You are dopey. (Int -2) [Xom's mischief]
  1509 | D:2      | Gained mutation: You are frail. (-10% HP) [Xom's mischief]
  1509 | D:2      | Gained mutation: You are clumsy. (Dex -2) [Xom's mischief]
  1802 | D:2      | XOM: confusion (+ monsters)
  1812 | D:2      | HP: 1/26 [poisoned by an adder]
  1814 | D:2      | Succumbed to an adder's poison

Vault maps used:
D:1:      dpeg_arrival_tiny_e
D:2:      nicolae_overflow_hidden_temple, lemuel_doored_altar,
          kennysheep_vampire_church, first_ration

Skill      XL: |  1  2 |
---------------+-------+-----
Armour         | 2 |  2.2
Dodging        | 1 |  1.3
Unarmed Combat | 3 |  3.5
Fighting       | |  3.3
Stealth        | |  0.3

Action                   || total
-------------------------++-------
Melee: Unarmed           ||   139
       Punch             ||     1
  Use: Scroll            ||     6
       Potion            ||     3
  Eat: Ration            ||     1
Armor: Leather armour    ||    56
       Scale mail        ||    14
Dodge: Dodged            ||    97

Table legend:
 A = Spawn XP
 B = Non-spawn XP
 C = Spawn XP percentage of total XP
 D = Spawn monster count
 E = Non-spawn monster count
 F = Spawn count percentage of total count
 G = Total turns spent on level
                    A         B        C        D         E        F      G
               +---------+---------+-------+---------+---------+-------+---------
         Total |       0 |      80 |   0.0 |       0 |      33 |   0.0 |  1814
               +---------+---------+-------+---------+---------+-------+---------
           D:1 |       0 |      39 |   0.0 |       0 |      20 |   0.0 |   936
           D:2 |       0 |      41 |   0.0 |       0 |      13 |   0.0 |   878
               +---------+---------+-------+---------+---------+-------+---------
